 Dungeon Crawl Stone Soup version 0.28-a0-1387-g3a22ab9bdc (webtiles) character file.

Game seed: 2899166220096328024

103 Deminshera the Sneak (level 5, 0/31 HPs)
             Began as a Kobold Brigand on Jan 1, 2022.
             Killed by divine providence
             ... invoked by an orc priest
              (9 damage)
             ... on level 2 of the Dungeon.
             The game lasted 00:03:16 (4361 turns).

Deminshera the Sneak (Kobold Brigand)               Turns: 4361, Time: 00:03:17

Health: 0/31       AC: 13    Str: 10    XL:     5   Next: 6%
Magic:  5/5        EV: 12    Int: 13    God:
Gold:   148        SH:  6    Dex: 16    Spells: 4/4 levels left

rFire   . . .      SeeInvis .   k - +2 short sword (protect)
rCold   . . .      Faith    .   g - +0 buckler
rNeg    . . .      Spirit   .   p - +0 ring mail
rPois   .          Reflect  .   (no helmet)
rElec   .          Harm     .   c - +0 cloak
rCorr   .          Rampage  .   (no gloves)
Will    .....                   (no boots)
Stlth   +++.......              (no amulet)
HPRegen 0.10/turn               (no ring)
MPRegen 0.09/turn               (no ring)

@: under a protective aura
A: small, no large weapons, nightstalker 3
a: no special abilities


You were on level 2 of the Dungeon.
You visited 1 branch of the dungeon, and saw 3 of its levels.

You collected 148 gold pieces.

Inventory:

Hand Weapons
 a - a +2 dagger
 k - a +2 short sword of protection (weapon)
Missiles
 d - 7 poisoned darts (quivered)
 o - a curare-tipped dart
Armour
 c - a +0 cloak (worn)
 g - a +0 buckler (worn)
 p - a +0 ring mail (worn)
Wands
 l - a wand of digging (4)
Scrolls
 b - 3 scrolls of identify {unknown}
 f - a scroll of immolation {unknown}
 h - a scroll of silence {unknown}
 n - a scroll of fog {unknown}
Potions
 e - a potion of curing {unknown}
 j - a potion of flight {unknown}
 m - a potion of brilliance {unknown}


   Skills:
 - Level 2.4 Fighting
 - Level 3.0 Short Blades
 - Level 2.4 Throwing
 - Level 1.6 Dodging
 - Level 5.5 Stealth
 + Level 2.9 Shields


You had 4 spell levels left.
You didn't know any spells.
Your spell library contained the following spells:

 Spells                   Type           Power      Damage    Failure   Level
 Gell's Gravitas          Tloc           0%         N/A       97%         3
 Lesser Beckoning         Tloc           0%         N/A       97%         3
 Teleport Other           Tloc           0%         N/A       97%         3


Dungeon Overview and Level Annotations

Branches:
Dungeon (3/15)

Altars:


Innate Abilities, Weirdness & Mutations

You are small and have problems with some larger weapons.
You are completely attuned to the shadows.


Message History

You drop a +0 leather armour.
There is a stone staircase leading down here.
You climb downwards.
The orc priest hits you with a +0 short sword of speed.
There is a stone staircase leading up here.
The orc priest looks satisfied for a moment.
The orc shouts!
You climb upwards.
There is a stone staircase leading down here.
You hit the orc priest.
Your weapon exudes an aura of protection.
The orc priest is moderately wounded.
The orc priest hits you with a +0 short sword of speed.
You barely miss the orc priest.
The orc priest is moderately wounded.
The orc priest barely misses you.
The orc priest hits you but does no damage.
You barely miss the orc priest.
The orc priest is moderately wounded.
The orc priest hits you with a +0 short sword of speed.
You hit the orc priest.
The orc priest is moderately wounded.
The orc priest mumbles some strange prayers to Beogh against you.
Pain shoots through your body!
You hit the orc priest.
The orc priest is heavily wounded.
The orc priest looks satisfied for a moment.
You hit the orc priest.
The orc priest is severely wounded.
The orc priest hits you with a +0 short sword of speed.
* * * LOW HITPOINT WARNING * * *
The orc priest hits you but does no damage.
You barely miss the orc priest.
The orc priest is severely wounded.
You block the orc priest's attack.
You barely miss the orc priest.
The orc priest is severely wounded.
The orc priest mumbles some strange prayers to Beogh against you.
Beogh smites you!
You die...

#.# #.###
#.# #...#
#.# ###.#
#.# #.#
#.# #.#
#[# #.#
#.# #.#
#o# #.#
#@########
#.# #
#........#
#.# #
########.#
#.# # #.#
#.# # #.#
#.#### #.#
#.##.. #.#
#.##.# #.#
#.##.#
##.##
#....#


You could see an orc priest.

Vanquished Creatures
  4 gnolls (D:2)
  2 adders
  A dart slug (D:2)
  2 orcs (D:2)
  3 bats
  3 endoplasms
  A giant cockroach (D:1)
  3 goblins
  3 hobgoblins
  7 jackals (D:1)
  5 kobolds
  4 ball pythons
  A frilled lizard (D:2)
  3 rats (D:1)
42 creatures vanquished.

Notes
Turn   | Place    | Note
-------+----------+-------------------------------------------
     0 | D:1      | Deminshera the Kobold Brigand began the quest for the Orb.
     0 | D:1      | Reached XP level 1. HP: 12/12 MP: 1/1
   471 | D:1      | Reached XP level 2. HP: 17/18 MP: 2/2
  1479 | D:1      | Reached XP level 3. HP: 18/22 MP: 3/3
  1850 | D:1      | Reached skill level 1 in Shields
  1961 | D:1      | Found a faded altar of an unknown god.
  2482 | D:2      | Reached XP level 4. HP: 8/27 MP: 4/4
  3635 | D:3      | Reached XP level 5. HP: 31/31 MP: 5/5
  4361 | D:2      | Killed from afar by an orc priest

Illustrated notes

Levels and vault maps discovered:
D:1:      matt_arrival_refuge, layout_basic, shapermc_ecumenical_altar_petra
D:2:      layout_loops_ring, serial_forest, infiniplex_forest_clump_small,
          infiniplex_forest_clump_cross, infiniplex_forest_end_1,
          infiniplex_forest_lined_4_way, infiniplex_forest_straight_2,
          infiniplex_forest_straight_1, infiniplex_forest_clump_tiny,
          infiniplex_forest_clump_small
D:3:      layout_basic

Skill      XL: |  1  2  3 |
---------------+----------+-----
Short Blades   | 3 |  3.0
Shields        | 2 |  2.9
Fighting       | |  2.4
Throwing       | |  2.4
Dodging        | |  1.6
Stealth        | |  5.5

Action                   |  1- 3 |  4- 6 || total
-------------------------+-------+-------++-------
Melee: Dagger            |   106 |    22 ||   128
       Short sword       |       |    20 ||    20
Throw: Dart              |    10 |    12 ||    22
 Stab: Sleeping          |     9 |     4 ||    13
Armor: Robe              |    23 |       ||    23
       Leather armour    |     6 |       ||     6
       Ring mail         |       |     2 ||     2
Dodge: Dodged            |    73 |    20 ||    93
Block: Buckler           |     9 |     6 ||    15

Table legend: (Time is in decaauts)
 A = Elapsed time spent in this place.
 B = Non-inter-level travel time spent in this place.
 C = Inter-level travel time spent in this place.
 D = Time resting spent in this place.
 E = Time spent auto-exploring this place.
 F = Levels seen in this place.
 G = Mean time per level.
                   A        B        C        D        E       F      G
               +--------+--------+--------+--------+--------+-----+--------+
         Total |   4346 |   4197 |    149 |   1846 |   1883 |   3 | 1448.7 |
       Dungeon |   4346 |   4197 |    149 |   1846 |   1883 |   3 | 1448.7 |
               +--------+--------+--------+--------+--------+-----+--------+

Top non-repeatable levels by time:
     D:2: 2176 daAuts
     D:1: 2150 daAuts
     D:3: 20 daAuts
